Map: Dash and Terminal LE (Void)

Players

Toons - Winner!

  • Race: Protoss Protoss
  • League: Silver

IIIIIIIIIIII

  • Race: Protoss Protoss
  • League: Silver

VOD

Have the link to the VOD?

Description

Time

  • Played on: Aug. 1, 2015, 7:32 a.m.
  • Length: 8:23
Show
View Real Time Build Order
Export as new Build Order

Toons Protoss - Winner!

Build Orders:  

Get SALT Encoding   

  12  0:01  Probe  
  13  0:13  Probe  
  14  0:18  Pylon  
  14  0:36  Probe (Chrono Boost)  
  14  0:39  Gateway  
  15  0:46  Probe (Chrono Boost), Assimilator  
  16  0:53  Probe  
  17  1:01  Pylon  
  17  1:05  Probe (Chrono Boost)  
  18  1:17  Probe (Chrono Boost)  
  20  1:25  Probe (Chrono Boost)  
  20  1:26  Cybernetics Core  
  20  1:31  Zealot  
  22  1:38  Probe  
  23  1:41  Assimilator  
  23  1:54  Probe  
  24  2:01  Pylon  
  24  2:03  Warp Gate (Chrono Boost)  
  24  2:05  Adept  
  26  2:21  Probe  
  27  2:30  Gateway  
  27  2:31  Robotics Facility  
  27  2:35  Stalker  
  29  2:38  Probe  
  30  2:45  Pylon  
  30  2:59  Mothership Core  
  32  3:16  Nexus  
  32  3:20  Observer (Chrono Boost)  
  33  3:27  Probe  
  34  3:39  Probe  
  35  3:54  Warp Prism (Chrono Boost)  
  37  4:00  Probe  
  37  4:01  Gateway x2  
  38  4:16  Adept x2  
  42  4:27  Probe  
  42  4:31  Pylon  
  43  4:33  Pylon  
  43  4:35  Probe  
  44  4:39  Probe  
  45  4:47  Probe, Pylon  
  45  4:51  Zealot  
  41  5:04  Zealot  
  41  5:23  Stalker  
  41  5:27  Zealot  
  37  5:31  Sentry x2  
  41  5:51  Probe  
  41  5:53  Immortal (Chrono Boost)  
  41  5:56  Adept x3  
  52  5:59  Sentry  
  52  6:03  Probe  
  53  6:18  Zealot x3  
  59  6:48  Stalker x3  
  59  6:49  Stalker  
  67  7:03  Probe  
  68  7:09  Nexus  
  68  7:13  Adept  
  66  7:46  Pylon  
  66  7:48  Pylon  
  66  7:52  Zealot x2  
  70  8:03  Forge  
  70  8:07  Robotics Bay  
  64  8:17  Stalker x2  
  66  8:20  Zealot  
Show
View Real Time Build Order
Export as new Build Order

IIIIIIIIIIII Protoss 

Build Orders:  

Get SALT Encoding   

  12  0:08  Probe  
  13  0:18  Pylon  
  13  0:21  Probe  
  14  0:36  Probe  
  14  0:39  Gateway  
  15  0:48  Probe  
  16  0:53  Assimilator  
  16  0:54  Assimilator  
  16  1:00  Probe  
  17  1:12  Probe  
  18  1:25  Probe, Pylon  
  19  1:28  Cybernetics Core  
  19  1:40  Probe  
  20  1:52  Probe  
  21  2:04  Probe  
  21  2:06  Warp Gate (Chrono Boost)  
  21  2:08  Stalker  
  24  2:24  Mothership Core  
  25  2:40  Gateway  
  25  2:41  Stalker, Gateway  
  25  2:44  Gateway  
  27  3:12  Stalker  
  29  3:15  Pylon  
  29  3:29  Nexus  
  29  4:09  Stalker x3  
  35  4:10  Stalker  
  37  4:18  Pylon  
  37  4:19  Probe  
  37  4:24  Pylon  
  38  4:34  Pylon  
  38  4:36  Probe  
  38  4:37  Stalker  
  41  4:43  Stalker  
  21  5:33  Stalker x2  
  21  5:34  Stalker x2  
  23  6:09  Probe  
  24  6:46  Stalker  
  21  7:43  Probe x2  
  23  7:55  Probe x2  
  25  8:07  Probe  
Tags
 
Add a new tag
Caveats
  • Supply blocks, unpowered buildings, or Contaminate may cause inaccurate times.
  • Supply counts are checked every 10 seconds.